 Dungeon Crawl Stone Soup version 0.29.0-15-g675c0067aa (webtiles) character file.

Game seed: 11456307772494886174

42196 leavemydog the Eclecticist (level 13, -14/72 HPs)
             Began as a Deep Elf Conjurer on Sept 11, 2022.
             Was an Elder of Vehumet.
             Killed from afar by an efreet (27 damage)
             ... with a fireball
             ... on level 13 of the Dungeon.
             The game lasted 00:51:32 (23255 turns).

leavemydog the Eclecticist (Deep Elf Conjurer)     Turns: 23255, Time: 00:51:33

Health: -14/72     AC: 13    Str:  4    XL:     13   Next: 84%
Magic:  34/37      EV: 13    Int: 24    God:    Vehumet [****..]
Gold:   1639       SH:  0    Dex: 17    Spells: 26/48 levels left

rFire   . . .      SeeInvis +   C - staff of air
rCold   + . .      Faith    .   (no shield)
rNeg    + . .      Spirit   .   D - +2 steam dragon scales
rPois   +          Reflect  .   (helmet restricted)
rElec   +          Harm     .   s - scarf {repulsion}
rCorr   .          Rampage  .   y - +2 pair of gloves {Stlth+}
Will    ++...                   I - +2 pair of boots
Stlth   +++.......              Q - amulet of Appa Piu {RegenMP rN+ Int-5 Dex+4}
HPRegen 0.22/turn               w - ring of willpower
MPRegen 0.65/turn               M - ring of poison resistance

@: about to teleport, repel missiles
A: antennae 1, see invisible, cold resistance 1, sense surroundings 1
a: Renounce Religion


You were on level 13 of the Dungeon.
You worshipped Vehumet.
Vehumet was greatly pleased with you.
You visited 2 branches of the dungeon, and saw 15 of its levels.
You also visited: Ice Cave.

You collected 1639 gold pieces.

Inventory:

Hand Weapons
 K - the +9 falchion "Louroraorgh" {pain, rPois rC++}
   (You found it on level 10 of the Dungeon)

   In the hands of one skilled in necromantic magic, it inflicts extra damage on
   living creatures.
   rC:        It greatly protects you from cold.
   rPois:     It protects you from poison.
 W - the +6 executioner's axe of Wyrd {drain, rF+ rC++}
   (You found it on level 13 of the Dungeon)

   A truly terrible weapon, it drains the life of any living foe it strikes.
   rF:        It protects you from fire.
   rC:        It greatly protects you from cold.
Missiles
 m - 4 throwing nets
 F - 6 silver javelins
Armour
 s - a scarf of repulsion (worn)
 y - a +2 pair of gloves of stealth (worn)
 D - +2 steam dragon scales (worn)
 I - a +2 pair of boots (worn)
Magical Staves
 C - a staff of air (weapon)
Jewellery
 v - a ring of positive energy
 w - a ring of willpower (left hand)
 M - a ring of poison resistance (right hand)
 Q - the amulet of Appa Piu (around neck) {RegenMP rN+ Int-5 Dex+4}
   (You acquired it on level 11 of the Dungeon)

   [amulet of magic regeneration]

   It increases your rate of magic regeneration.
   Int:       It affects your intelligence (-5).
   Dex:       It affects your dexterity (+4).
   rN:        It protects you from negative energy.
 R - the amulet "Xockiro" {Spirit rCorr Str+3 Dex-5 Stlth+}
   (You found it in an ice cave)

   [amulet of guardian spirit]

   It causes incoming damage to be divided between your reserves of health and
   magic.
   Str:       It affects your strength (+3).
   Dex:       It affects your dexterity (-5).
   rCorr:     It protects you from acid and corrosion.
   Stlth:     It makes you more stealthy.
Wands
 g - a wand of charming (23)
 l - a wand of polymorph (13)
 x - a wand of roots (16)
 A - a wand of quicksilver (7)
 T - a wand of mindburst (6)
 U - a wand of flame (14)
Scrolls
 c - 2 scrolls of blinking
 e - a scroll of amnesia {unknown}
 f - 3 scrolls of poison
 h - 4 scrolls of fog
 j - a scroll of summoning {unknown}
 k - 10 scrolls of teleportation
 n - a scroll of immolation {unknown}
 r - 2 scrolls of silence
 t - 2 scrolls of fear {unknown}
 u - a scroll of noise {unknown}
 z - 4 scrolls of vulnerability
 L - 4 scrolls of magic mapping {unknown}
 N - a scroll of brand weapon {unknown}
Potions
 a - 4 potions of ambrosia
 i - a potion of resistance
 o - 3 potions of berserk rage
 p - 4 potions of brilliance
 q - 7 potions of curing
 B - 2 potions of invisibility
 E - 3 potions of flight
 H - 2 potions of cancellation
 J - 2 potions of heal wounds {unknown}
 O - a potion of might {unknown}
 P - a potion of attraction {unknown}
 S - a potion of haste
Miscellaneous
 d - a phial of floods
 G - a condenser vane


   Skills:
 * Level 4.8 Fighting
 - Level 2.4 Dodging
 - Level 2.4 Stealth
 + Level 18.2 Spellcasting
 + Level 15.4 Conjurations
 - Level 9.0 Hexes
 - Level 9.0 Translocations
 * Level 5.3 Fire Magic
 * Level 6.4 Ice Magic


You had 26 spell levels left.
You knew the following spells:

 Your Spells              Type           Power      Damage    Failure   Level
a - Magic Dart            Conj           100%       1d8       0%          1
b - Searing Ray           Conj           100%       2d8       0%          2
c - Iskenderun's Mystic   Conj/Tloc      69%        2d14      1%          4
d - Fulminant Prism       Conj/Hex       34%        3d16      1%          4
e - Hailstorm             Conj/Ice       65%        3d14      1%          4
f - Orb of Destruction    Conj           38%        9d11      1%          7

Your spell library contained the following spells:

 Spells                   Type           Power      Damage    Failure   Level
 Lee's Rapid Deconstruct  Erth           10%        3d9*      17%         5
 Apportation              Tloc           100%       N/A       1%          1
 Shock                    Conj/Air       100%       1d9       1%          1
 Dazzling Flash           Conj/Hex       100%       N/A       1%          3
 Ozocubu's Armour         Ice            51%        N/A       1%          3
 Summon Guardian Golem    Hex/Summ       43%        N/A       1%          3
 Freezing Cloud           Conj/Ice/Air   35%        6-21      1%          5
 Irradiate                Conj/Tmut      28%        3d21      1%          5
 Beastly Appendage        Tmut           42%        N/A       2%          1
 Necrotise                Necr           84%        1d8       2%          1
 Summon Small Mammal      Summ           84%        N/A       2%          1
 Sublimation of Blood     Necr           21%        N/A       3%          2
 Wereblood                Tmut           21%        N/A       3%          2
 Airstrike                Air            16%        2d(3-19)  6%          4
 Ice Form                 Ice/Tmut       37%        N/A       6%          4
 Spider Form              Tmut/Pois      21%        N/A       7%          3
 Swiftness                Air            32%        N/A       7%          3
 Silence                  Hex/Air        30%        N/A       10%         5
 Spellforged Servitor     Conj/Summ      28%        N/A       21%         7
 Petrify                  Tmut/Erth      21%        N/A       22%         4
 Ozocubu's Refrigeration  Ice            25%        4d13      32%         7
 Agony                    Necr           21%        N/A       54%         5
 Simulacrum               Ice/Necr       18%        N/A       67%         6
 Fire Storm               Conj/Fire      32%        8d8       99%         9
 Chain Lightning          Conj/Air       36%        3d48      100%        9
 Polar Vortex             Ice            25%        N/A       100%        9
 Shatter                  Erth           10%        3d12*     100%        9


Dungeon Overview and Level Annotations

Branches:
Dungeon (14/15)            Temple (1/1) D:5            Lair (0/5) D:10
    Orc (0/2) D:11          IceCv (visited)
 Vaults: D:13-14

Altars:
Ashenzari
Cheibriados
Dithmenos
Elyvilon
Fedhas
Gozag
Hepliaklqana
Kikubaaqudgha
Makhleb
Nemelex Xobeh
Okawaru
Qazlal
Ru
Sif Muna
Trog
Uskayaw
Vehumet
Wu Jian
Xom
Yredelemnul
Zin
The Shining One

Shops:
D:4 (   D:13 *


Innate Abilities, Weirdness & Mutations

You have a pair of small antennae on your head.
You have supernaturally acute eyesight. (SInv)
Your flesh is cold resistant. (rC+)
You passively map a small area around you.


Message History

You finish channelling your searing ray.
Casting: Searing Ray (safe; 0% risk of failure)
Confirm with . or Enter, or press ? or * to list all spells.
You erupt in a blast of force!
The mystic blast hits the centaur warrior!
The centaur warrior is severely wounded.
The centaur warrior is knocked back by the mystic blast.
The centaur warrior drinks a potion.
The centaur warrior is healed!
Casting: Iskenderun's Mystic Blast (safe; 1% risk of failure)
Confirm with . or Enter, or press ? or * to list all spells.
You erupt in a blast of force!
The mystic blast hits the centaur warrior!
The centaur warrior is almost dead.
The centaur warrior is knocked back by the mystic blast.
The centaur warrior slams into the crystal wall!
The centaur warrior is almost dead.
The centaur warrior drinks a potion.
The centaur warrior is healed!
The centaur warrior shoots an arrow.
The arrow barely misses you.
The centaur warrior shoots an arrow.
The arrow hits you!!
* * * LOW HITPOINT WARNING * * *
Casting: Iskenderun's Mystic Blast (safe; 1% risk of failure)
Confirm with . or Enter, or press ? or * to list all spells.
You erupt in a blast of force!
The mystic blast hits the centaur warrior!
The centaur warrior is almost dead.
The centaur warrior is knocked back by the mystic blast.
The centaur warrior slams into the stone wall!
You kill the centaur warrior!
Vehumet accepts your kill.
You feel your power returning.
Okay, then.
Things that are here:
4 large rocks; a cyclops corpse
As you read the scroll of teleportation, it crumbles to dust.
You feel strangely unstable. The efreet gestures at you.
The bolt of fire misses you. The efreet gestures at you.
The fireball explodes!
The fireball engulfs you!!
You die...

....##.......#R##.# #[##.##.#
#...........##☼##.## ##.##.##..
#...........#.☼R##.# #)##...##.
#.......#..##R#.##.##
##.##.#.##.
##......#..#..(..##.#
#.##.#.#.##
#......#.####.####.###.##.....##
#........#......)##.#.##.......#
#.......###.....###.#.##.#.#.#.#
#.......#.#.#.#@#.##)##.#.#.#.#.
#......##..)#.#...##.##........[
###.#..###########).############
#...##########################
##.)..........................
#...........................#
#############################


You could see an efreet.

Vanquished Creatures
  Kirke (D:12)
  2 azure jellies (IceCv)
  A quicksilver ooze (IceCv)
  4 hydras
  2 boulder beetles
  2 catoblepae (D:13)
  3 centaur warriors (D:13)
  3 two-headed ogres
  A tengu warrior (D:13)
  3 deep elf pyromancers
  Pikel (D:5)
  2 cyclopes
  A manticore (D:12)
  3 ugly things
  A spectral centaur (D:10)
  An ice statue (IceCv)
  3 centaur skeletons (D:10)
  A centaur zombie (D:10)
  A gargoyle (D:13)
  An unseen horror (D:12)
  Psyche (D:12)
  3 komodo dragons
  5 trolls
  27 slime creatures
  A spectral black mamba (D:10)
  11 flying skulls (D:10)
  A wyvern (D:9)
  5 shadows (D:10)
  6 wraiths
  A spriggan (shapeshifter) (D:13)
  2 vampires
  4 basilisks (D:10)
  An unseen horror simulacrum (D:10)
  5 hogs (D:12)
  19 yaks
  A steam dragon (D:5)
  8 vampire mosquitoes
  Menkaure (D:5)
  5 wargs (D:10)
  2 acid dragons (D:9)
  A hell hound (D:10)
  3 orc warriors
  An ice beast (D:7)
  A black mamba simulacrum (D:10)
  4 great orb of eyes simulacra (IceCv)
  2 ogres
  5 centaurs
  A lemure (D:5)
  A phantom (D:6)
  5 slime creature simulacra (IceCv)
  3 kobold brigands
  Blork the orc (D:5)
  2 bullfrogs (D:9)
  A scorpion (D:7)
  2 glowing shapeshifter simulacra (IceCv)
  3 gnoll sergeants
  18 wights
  A necrophage (D:5)
  11 killer bees
  9 howler monkeys
  A lava snake (D:7)
  2 hounds
  4 orc priests
  A gnoll bouda (D:7)
  2 jellies
  Jessica (D:2)
  2 iguanas (D:5)
  12 orc wizards
  2 hell rats (D:10)
  2 shapeshifter simulacra (IceCv)
  A howler monkey zombie (D:10)
  Robin (D:4)
  15 gnolls
  4 adders
  3 shadow imps
  11 white imps (D:12)
  A worm (D:3)
  4 dart slugs
  46 orcs
  9 ball pythons
  10 endoplasms
  A giant cockroach (D:1)
  17 goblins
  7 hobgoblins
  3 jackals (D:4)
  16 kobolds
  4 quokkas
  8 bats
  4 frilled lizards
  4 rats
419 creatures vanquished.

Vanquished Creatures (others)
  A hydra (D:13)
  A deep elf zephyrmancer (D:13)
  A manticore (D:13)
  A basilisk (D:13)
  A white imp (D:12)
  A hobgoblin (D:4)
  18 fulminant prisms
  23 plants (D:10)
47 creatures vanquished.

Grand Total: 466 creatures vanquished

Notes
Turn   | Place    | Note
-------+----------+-------------------------------------------
     0 | D:1      | leavemydog the Deep Elf Conjurer began the quest for the
                  | Orb.
     0 | D:1      | Reached XP level 1. HP: 10/10 MP: 6/6
   231 | D:1      | Reached XP level 2. HP: 15/15 MP: 4/8
   234 | D:1      | Learned a level 2 spell: Searing Ray
   287 | D:1      | Reached skill level 5 in Conjurations
   359 | D:1      | Found a faded altar of an unknown god.
   756 | D:2      | Reached XP level 3. HP: 14/19 MP: 0/9
  1288 | D:2      | Noticed Jessica
  1291 | D:2      | Killed Jessica
  1292 | D:2      | Reached XP level 4. HP: 24/24 MP: 6/11
  1320 | D:2      | Learned a level 4 spell: Iskenderun's Mystic Blast
  1561 | D:2      | Found a blossoming altar of Fedhas.
  1927 | D:3      | Reached skill level 4 in Spellcasting
  2247 | D:3      | Reached skill level 1 in Translocations
  2571 | D:3      | Reached XP level 5. HP: 28/28 MP: 11/13
  2829 | D:4      | Gained mutation: You are frail. (-10% HP) [potion of
                  | mutation]
  2829 | D:4      | Gained mutation: Your spells are a little easier to cast,
                  | but a little less powerful. [potion of mutation]
  2829 | D:4      | Gained mutation: You have a pair of small horns on your
                  | head. [potion of mutation]
  2830 | D:4      | Lost mutation: You are frail. (-10% HP) [potion of
                  | mutation]
  2830 | D:4      | Lost mutation: You have a pair of small horns on your head.
                  | [potion of mutation]
  2830 | D:4      | Lost mutation: Your spells are a little easier to cast, but
                  | a little less powerful. [potion of mutation]
  2830 | D:4      | Gained mutation: Your body sometimes deteriorates upon
                  | taking damage. [potion of mutation]
  2830 | D:4      | Gained mutation: You passively map a small area around you.
                  | [potion of mutation]
  2830 | D:4      | Gained mutation: Your muscles are strong. (Str +4, Int/Dex
                  | -1) [potion of mutation]
  2830 | D:4      | Gained mutation: Your flesh is cold resistant. (rC+)
                  | [potion of mutation]
  3580 | D:4      | Noticed Robin
  3585 | D:4      | Reached skill level 5 in Spellcasting
  3587 | D:4      | Killed Robin
  4012 | D:4      | Reached XP level 6. HP: 22/32 MP: 4/16
  4109 | D:4      | Found Emuz's Weapon Shop.
  4395 | D:4      | Lost mutation: Your muscles are strong. (Str +4, Int/Dex
                  | -1) [potion of mutation]
  4395 | D:4      | Lost mutation: Your body sometimes deteriorates upon taking
                  | damage. [potion of mutation]
  4395 | D:4      | Lost mutation: You passively map a small area around you.
                  | [potion of mutation]
  4395 | D:4      | Gained mutation: You have a pair of small antennae on your
                  | head. [potion of mutation]
  4395 | D:4      | Gained mutation: You passively map a small area around you.
                  | [potion of mutation]
  4395 | D:4      | Gained mutation: You have supernaturally acute eyesight.
                  | (SInv) [potion of mutation]
  4413 | D:5      | Entered Level 5 of the Dungeon
  4494 | D:5      | Reached skill level 6 in Spellcasting
  4515 | D:5      | Noticed a steam dragon
  4761 | D:5      | Noticed a troll
  4767 | D:5      | Killed a troll
  4768 | D:5      | Reached XP level 7. HP: 36/36 MP: 11/19
  4812 | D:5      | Noticed Pikel
  4830 | D:5      | Killed Pikel
  4831 | D:5      | Reached skill level 8 in Spellcasting
  4831 | D:5      | Reached XP level 8. HP: 7/41 MP: 3/22
  5301 | D:5      | Noticed Blork the orc
  5309 | D:5      | Killed Blork the orc
  5358 | D:5      | Noticed Menkaure
  5363 | D:5      | Reached skill level 9 in Spellcasting
  5367 | D:5      | Killed Menkaure
  5695 | D:5      | Found a staircase to the Ecumenical Temple.
  5734 | Temple   | Entered the Ecumenical Temple
  5769 | Temple   | Became a worshipper of Vehumet
  6229 | D:6      | Reached skill level 5 in Translocations
  6603 | D:6      | Reached skill level 10 in Spellcasting
  6768 | D:6      | Reached * piety under Vehumet
  6768 | D:6      | Offered knowledge of Freeze by Vehumet.
  6777 | D:6      | Reached XP level 9. HP: 44/45 MP: 8/25
  6872 | D:6      | Learned a level 4 spell: Fulminant Prism
  7017 | D:6      | Reached skill level 1 in Hexes
  7884 | D:7      | Reached skill level 10 in Conjurations
  7886 | D:7      | Reached skill level 11 in Spellcasting
  8193 | D:7      | Offered knowledge of Foxfire by Vehumet.
  8387 | D:8      | Reached ** piety under Vehumet
  8420 | D:8      | HP: 2/44 [wight/+4 mace of freezing (1)]
  8806 | D:8      | Reached XP level 10. HP: 50/50 MP: 13/27
  8808 | D:8      | Reached skill level 12 in Spellcasting
  8902 | D:8      | Offered knowledge of Ignite Poison by Vehumet.
 10123 | D:9      | Reached *** piety under Vehumet
 10155 | D:9      | Identified the +5 falchion of Uncomfortable Rashes
                  | {antimagic, Int+4}
 10744 | D:9      | Reached skill level 5 in Hexes
 11535 | D:10     | Entered Level 10 of the Dungeon
 11542 | D:10     | Reached skill level 13 in Spellcasting
 12050 | D:10     | Found a burning altar of Makhleb.
 12365 | D:10     | Found a staircase to the Lair.
 12760 | D:10     | Noticed a spectral centaur warrior
 12776 | D:10     | Offered knowledge of Hailstorm by Vehumet.
 12825 | D:10     | Reached XP level 11. HP: 28/54 MP: 3/30
 13228 | D:10     | Learned a level 4 spell: Hailstorm
 13236 | D:10     | Learned a level 7 spell: Orb of Destruction
 13345 | D:10     | Reached **** piety under Vehumet
 13346 | D:10     | Reached skill level 1 in Ice Magic
 13850 | D:10     | Reached skill level 14 in Spellcasting
 14448 | D:10     | Found a basalt altar of Yredelemnul.
 14459 | D:10     | Identified the +9 falchion "Louroraorgh" {pain, rPois rC++}
 14627 | D:10     | Offered knowledge of Sticky Flame by Vehumet.
 14653 | D:10     | Reached skill level 1 in Fighting
 15240 | D:11     | Noticed a boulder beetle
 15245 | D:11     | Killed a boulder beetle
 15420 | D:11     | Reached XP level 12. HP: 44/61 MP: 24/32
 15423 | D:11     | Reached skill level 15 in Spellcasting
 15839 | D:11     | Found a staircase to the Orcish Mines.
 15999 | D:11     | Noticed a two-headed ogre
 16005 | D:11     | Killed a two-headed ogre
 16394 | D:11     | Identified 3 scrolls of acquirement
 16394 | D:11     | Acquired a book of Annihilations
 16396 | D:11     | Acquired the amulet of Appa Piu {RegenMP rN+ Int-5 Dex+4}
 16398 | D:11     | Acquired 699 gold pieces
 16570 | D:12     | Found a frozen archway.
 16712 | IceCv    | Entered an ice cave
 17148 | IceCv    | Noticed a quicksilver ooze
 17156 | IceCv    | Killed a quicksilver ooze
 17317 | IceCv    | Noticed an azure jelly
 17328 | IceCv    | Killed an azure jelly
 17329 | IceCv    | Reached skill level 16 in Spellcasting
 17329 | IceCv    | Reached skill level 1 in Fire Magic
 17348 | IceCv    | Reached ***** piety under Vehumet
 17488 | IceCv    | Noticed an azure jelly
 17496 | IceCv    | Killed an azure jelly
 17688 | IceCv    | Offered knowledge of Lee's Rapid Deconstruction by Vehumet.
 17797 | IceCv    | Found a viscous altar of Jiyva.
 17818 | IceCv    | Identified the amulet "Xockiro" {Spirit rCorr Str+3 Dex-5
                  | Stlth+}
 18280 | D:12     | Noticed a two-headed ogre
 18285 | D:12     | Killed a two-headed ogre
 18355 | D:12     | Noticed a six-headed hydra
 18360 | D:12     | Killed a six-headed hydra
 18388 | D:12     | Noticed a four-headed hydra
 18396 | D:12     | Killed a four-headed hydra
 18397 | D:12     | Reached XP level 13. HP: 62/69 MP: 26/35
 18561 | D:12     | Noticed Psyche
 18570 | D:12     | Killed Psyche
 18578 | D:12     | Reached skill level 17 in Spellcasting
 18583 | D:12     | Reached skill level 5 in Ice Magic
 18832 | D:12     | Noticed Kirke
 18844 | D:12     | HP: 2/70 [enormous slime creature (68)]
 19640 | D:12     | Killed Kirke
 20050 | D:13     | Found Xazuxiv's Gadget Gallery.
 21065 | D:13     | Reached skill level 15 in Conjurations
 21945 | D:13     | Identified the +6 executioner's axe of Wyrd {drain, rF+
                  | rC++}
 22444 | D:13     | Reached skill level 5 in Fire Magic
 22576 | D:13     | Reached skill level 18 in Spellcasting
 23255 | D:13     | Killed from afar by an efreet

Illustrated notes

Levels and vault maps discovered:
D:1:      tarquinn_simple_flora_water_f, layout_rooms,
          hellmonk_ecumenical_altar_pennies_from_heaven
D:2:      layout_loops_cross, basic_altar, minmay_misc_feat_encased,
          kennysheep_cross_room, uniq_jessica
D:3:      layout_rooms, hex_intersection, st_stairs_6, minmay_starry_boxes
D:4:      kennysheep_goblin_castle, layout_cave_pools, serial_shops,
          shop_statue, minmay_distorted
D:5:      layout_rooms, minmay_temple_entry_butterflies, uniq_pikel,
          uniq_menkaure, uniq_blork_the_orc
D:6:      layout_cave_pools
D:7:      layout_rooms, grunt_decor_junction
D:8:      layout_basic, minmay_misc_feat_plants, kennysheep_windowed_goal
D:9:      layout_grid_maze
D:10:     lemuel_vampire_tower, layout_gridville, bloody_makhleb,
          david_lair_shrubbed, hangedman_decor_riveting, small_statue_alley_b
D:11:     layout_loops_ring, orc_0_dummy
D:12:     layout_loops_ring, portal_ice_cave_entry_imps, serial_glass,
          glass_columns_a, glass_columns_a, glass_columns_b, glass_columns_c,
          glass_columns_a, glass_columns_c, glass_columns_a, glass_columns_c,
          kennysheep_decorative_pillar, minmay_circle_x, uniq_psyche, uniq_kirke
D:13:     minmay_the_grid_triangle_9x9_recursive_3
          [minmay_the_grid_triangle_9x9_swiss_cheese,
          minmay_the_grid_triangle_9x9_shrine,
          minmay_the_grid_triangle_9x9_windchime,
          minmay_the_grid_triangle_9x9_prize_center,
          minmay_the_grid_triangle_9x9_steps,
          minmay_the_grid_triangle_9x9_zippers_horizontal,
          minmay_the_grid_triangle_9x9_thin_v,
          minmay_the_grid_triangle_9x9_alien,
          minmay_the_grid_triangle_9x9_impossible_snake], layout_rooms,
          grunt_decor_clamped, nicolae_shop_gadgets
D:14:     layout_roguey, david_vaults_4, nicolae_rejected_hall
Temple:   nicolae_temple_bog_church

Skill      XL: |  1  2  3  4  5  6  7  8  9 10 11 12 13 |
---------------+----------------------------------------+-----
Conjurations   | 5 6 7 8 9 10 12 13 14 15 | 15.4
Spellcasting   | 4 5 6 8 10 11 13 14 16 18 | 18.2
Translocations | 1 2 3 4 5 6 7 8 9 |  9.0
Hexes          | 4 6 8 9 |  9.0
Ice Magic      | 3 4 6 |  6.4
Fighting       | 1 3 4 |  4.8
Fire Magic     | 3 5 |  5.3
Dodging        | |  2.4
Stealth        | |  2.4

Action                   |  1- 3 |  4- 6 |  7- 9 | 10-12 | 13-15 || total
-------------------------+-------+-------+-------+-------+-------++-------
Melee: Dagger            |       |     3 |       |       |       ||     3
       Unarmed           |       |     1 |       |       |       ||     1
       Staff             |       |       |     5 |       |       ||     5
 Cast: Magic Dart        |    61 |   142 |   171 |   243 |    46 ||   663
       Searing Ray       |       |     9 |    35 |   139 |    59 ||   242
       Iskenderun's Myst |       |       |     8 |    62 |    58 ||   128
       Fulminant Prism   |       |       |     3 |     8 |     7 ||    18
       Orb of Destructio |       |       |       |    19 |    11 ||    30
       Hailstorm         |       |       |       |     1 |       ||     1
Evoke: Wand              |       |       |       |     2 |       ||     2
  Use: Scroll            |       |     7 |     8 |     8 |     4 ||    27
       Potion            |       |     3 |     5 |       |     1 ||     9
Armor: Robe              |     1 |     9 |     4 |       |       ||    14
       Skin              |       |       |     5 |       |       ||     5
       Steam dragon scal |       |       |    23 |   125 |    36 ||   184
Dodge: Dodged            |     6 |    27 |    73 |   199 |    69 ||   374
       Repelled          |       |     1 |       |     3 |     4 ||     8
